 Dungeon Crawl Stone Soup version 0.30-a0-726-gd89dcf765f (webtiles) character file.

Game seed: 4462172602595223342

508 Monkooky the Chucker (level 7, -15/71 HPs)
             Began as an Ogre Gladiator on Jan 29, 2023.
             Was a Follower of Okawaru.
             Demolished by a shadow (32 damage)
             ... on level 5 of the Dungeon.
             The game lasted 00:07:29 (4861 turns).

Monkooky the Chucker (Ogre Gladiator)               Turns: 4861, Time: 00:07:30

Health: -15/71     AC:  3    Str: 19    XL:     7   Next: 18%
Magic:  8/8        EV: 10    Int: 11    God:    Okawaru [*.....]
Gold:   179        SH:  0    Dex: 10    Spells: 6/6 levels left

rFire   . . .      SeeInvis .    a - +0 quarterstaff
rCold   . . .      Faith    .    (shield currently unavailable)
rNeg    . . .      Spirit   .    b - +0 robe
rPois   .          Reflect  .    c - +0 hat
rElec   .          Harm     .    (no cloak)
rCorr   .          Rampage  .    (gloves unavailable)
Will    .....                    (boots unavailable)
Stlth   +                        l - amulet of the acrobat
HPRegen 0.31/turn                (no ring)
MPRegen 0.11/turn                (no ring)

@: no status effects
A: large, unfitting armour, tough skin 1
a: Renounce Religion, Heroism


You were on level 5 of the Dungeon.
You worshipped Okawaru.
Okawaru was aware of your devotion.
You visited 1 branch of the dungeon, and saw 5 of its levels.

You collected 179 gold pieces.

Inventory:

Hand Weapons
 a - a +0 quarterstaff (weapon)
 e - a +0 morningstar
Missiles
 d - a throwing net (quivered)
 z - 2 poisoned darts
Armour
 b - a +0 robe (worn)
 c - a +0 hat (worn)
Jewellery
 h - a ring of fire
 l - an amulet of the acrobat (around neck)
 B - a ring of fire
Scrolls
 g - 2 scrolls of noise {unknown}
 k - 4 scrolls of teleportation {unknown}
 n - 2 scrolls of fear {unknown}
 p - a scroll of magic mapping
 q - 2 scrolls of enchant armour {unknown}
 r - a scroll of brand weapon
 t - a scroll of enchant weapon
 x - a scroll of poison
 y - a scroll of acquirement
Potions
 i - 2 potions of curing
 m - 3 potions of heal wounds {unknown}
 o - 3 potions of haste {unknown}
 s - 2 potions of might {unknown}
 u - 2 potions of attraction {unknown}
 w - a potion of degeneration {unknown}
 A - 2 potions of flight {unknown}
 C - a potion of invisibility {unknown}


   Skills:
 - Level 4.7 Fighting
 + Level 1.8(2.5) Maces & Flails
 - Level 3.0(3.3) Staves
 - Level 6.0 Throwing
 - Level 2.6 Dodging
 - Level 2.5 Invocations


You had 6 spell levels left.
You didn't know any spells.
Your spell library contained the following spells:

 Spells                   Type           Power      Damage    Failure   Level
 Slow                     Hex            0%         N/A       34%         1
 Confusing Touch          Hex            0%         N/A       71%         3
 Vampiric Draining        Necr           0%         2d6       71%         3


Dungeon Overview and Level Annotations

Branches:
Dungeon (5/15)
 Temple: D:4-7

Altars:
Okawaru
Sif Muna

Annotations:
D:3 1 runed translucent door, Crazy Yiuf
D:4 exclusion: downstairs


Innate Abilities, Weirdness & Mutations

You are too large for most types of armour.
You have tough skin. (AC +1)


Message History

You throw a boomerang. The boomerang hits the shadow!
The shadow is severely damaged.
The shadow slips into darkness.
The shadow flickers and vanishes!
Deactivating autopickup; reactivate with Ctrl-A.
You miss something.
The shadow strikes at you from the darkness!
* * * LOW HITPOINT WARNING * * *
Reactivating autopickup.
Throw: boomerang
Press: ? - help, Shift-Dir - straight line, f/p - shadow
Aim: a shadow (severely damaged, 62% to hit)
You throw a boomerang. The boomerang hits the shadow.
The shadow is almost destroyed.
The shadow hits you.
You don't have any such object.
Fire/throw/use which item? ([*] to toss any item) (? for menu, Esc to quit)
Okay, then.
You aren't carrying any items that you can evoke.
You closely miss the shadow.
The shadow is almost destroyed.
The shadow hits you.
* * * LOW HITPOINT WARNING * * *
You barely miss the shadow.
The shadow is almost destroyed.
The shadow slips into darkness.
The shadow flickers and vanishes!
Deactivating autopickup; reactivate with Ctrl-A.
It was a potion of curing.
You feel better.
The shadow strikes at you from the darkness!
* * * LOW HITPOINT WARNING * * *
Reactivating autopickup.
You hit the shadow but do no damage.
The shadow is almost destroyed.
The shadow slips into darkness.
The shadow flickers and vanishes!
Deactivating autopickup; reactivate with Ctrl-A.
You feel better.
The shadow strikes at you from the darkness!
You die...

.. .. #. .## ..# #
##+## #.###.##.#
##...## #.....{..#
##.....## ###@#
#.......## ##.#.#
.........####....#
.........'.......#
.........####....#
#...<...## ##.#.#
##.†...## ###.#
##...## #.# ##+##
#.#


There were no monsters in sight!

Vanquished Creatures
  Sigmund (D:3)
  An ice beast (D:4)
  A black bear (D:5)
  A lemure (D:4)
  An orc priest (D:4)
  An orc wizard (D:4)
  6 adders
  A worm (D:4)
  3 dart slugs
  8 orcs
  3 ball pythons
  8 endoplasms
  2 giant cockroaches (D:2)
  3 goblins
  A hobgoblin (D:3)
  8 jackals (D:1)
  6 kobolds
  6 bats
  A frilled lizard (D:3)
  A rat (D:1)
63 creatures vanquished.

Notes
Turn   | Place    | Note
-------+----------+-------------------------------------------
     0 | D:1      | Monkooky the Ogre Gladiator began the quest for the Orb.
     0 | D:1      | Reached XP level 1. HP: 22/22 MP: 1/1
    48 | D:1      | Reached XP level 2. HP: 7/32 MP: 2/2
   608 | D:1      | Reached XP level 3. HP: 36/39 MP: 3/3
  1005 | D:2      | Reached skill level 3 in Throwing
  1527 | D:3      | Noticed Sigmund
  1892 | D:3      | Killed Sigmund
  1893 | D:3      | Reached skill level 5 in Throwing
  1893 | D:3      | Reached XP level 4. HP: 42/48 MP: 4/4
  1893 | D:3      | Reached XP level 5. HP: 47/54 MP: 5/5
  2013 | D:3      | Found a shimmering blue altar of Sif Muna.
  2255 | D:3      | Reached XP level 6. HP: 58/62 MP: 6/6
  2394 | D:3      | Found a faded altar of an unknown god.
  2403 | D:3      | Prayed at the altar of an unknown god.
  2403 | D:3      | Became a worshipper of Warmaster Okawaru
  2403 | D:3      | Reached * piety under Okawaru
  2671 | D:3      | Found a runed translucent door.
  2672 | D:3      | Noticed Crazy Yiuf
  3169 | D:4      | Reached skill level 6 in Throwing
  3531 | D:4      | Identified a scroll of acquirement
  4148 | D:5      | Entered Level 5 of the Dungeon
  4215 | D:5      | Noticed an ice beast
  4275 | D:4      | Killed an ice beast
  4653 | D:5      | Noticed a black bear
  4663 | D:5      | Killed a black bear
  4664 | D:5      | Reached skill level 1 in Maces & Flails
  4664 | D:5      | Reached XP level 7. HP: 18/71 MP: 5/8
  4847 | D:5      | Noticed a shadow
  4861 | D:5      | Demolished by a shadow

Illustrated notes

Levels and vault maps discovered:
D:1:      lemuel_arrival_river_bridge, layout_loops_ring
D:2:      layout_basic, kennysheep_cluttered_room, hangedman_decor_lopped
D:3:      layout_loops_ring, nicolae_overflow_crystal_walls,
          basic_ecumenical_altar, uniq_crazy_yiuf_cottage, uniq_sigmund
D:4:      layout_cave_pods, corner_web_ring
D:5:      layout_loops_corners, roderic_serpentine_path, uniq_pikel

Skill      XL: |  1  2  3  4  5  6 |
---------------+-------------------+-----
Fighting       | 3 4 |  4.7
Throwing       | 5 6 |  6.0
Invocations    | 2 |  2.5
Maces & Flails | 1 |  1.8
Staves         | |  3.0
Dodging        | |  2.6

Action                     |  1- 3 |  4- 6 |  7- 9 || total
---------------------------+-------+-------+-------++-------
  Melee: Quarterstaff      |    94 |   140 |    10 ||   244
  Throw: Throwing net      |     4 |     3 |       ||     7
         Dart              |       |     2 |       ||     2
         Large rock        |       |     1 |       ||     1
         Boomerang         |       |       |     2 ||     2
 Invoke: Heroism           |       |     1 |       ||     1
    Use: Scroll            |       |     6 |       ||     6
         Potion            |       |       |     2 ||     2
   Stab: Held in net/web   |       |     3 |       ||     3
 Armour: Robe              |    33 |    29 |     1 ||    63
  Dodge: Dodged            |    74 |    89 |     3 ||   166

Table legend: (Time is in decaauts)
 A = Elapsed time spent in this place.
 B = Non-inter-level travel time spent in this place.
 C = Inter-level travel time spent in this place.
 D = Time resting spent in this place.
 E = Time spent auto-exploring this place.
 F = Levels seen in this place.
 G = Mean time per level.
                   A        B        C        D        E       F      G
               +--------+--------+--------+--------+--------+-----+--------+
         Total |   4900 |   4695 |    205 |   1043 |   2924 |   5 |  980.0 |
       Dungeon |   4900 |   4695 |    205 |   1043 |   2924 |   5 |  980.0 |
               +--------+--------+--------+--------+--------+-----+--------+

Top non-repeatable levels by time:
     D:4: 1541 daAuts
     D:3: 1090 daAuts
     D:2: 1078 daAuts
     D:1: 853 daAuts
     D:5: 335 daAuts
